 Dungeon Crawl Stone Soup version 0.25.1-8-g42b30a86e7 (webtiles) character file.

Game seed: 4964507887704694118

57 pokeman the Magician (level 3, 0/20 HPs)
             Began as a Deep Elf Wizard on Nov 30, 2020.
             Slain by a gnoll
             ... wielding a +0 spear
              (4 damage)
             ... on level 2 of the Dungeon.
             The game lasted 00:02:26 (1827 turns).

pokeman the Magician (Deep Elf Wizard)              Turns: 1827, Time: 00:02:27

Health: 0/20       AC:  3    Str:  4    XL:     3   Next: 73%
Magic:  4/11       EV: 11    Int: 23    God:
Gold:   23         SH:  0    Dex: 13    Spells: 1/12 levels left

rFire    . . .     SeeInvis .   (no weapon)
rCold    . . .     Gourm    .   (no shield)
rNeg     . . .     Faith    .   f - +0 leather armour
rPois    .         Spirit   .   b - +0 hat
rElec    .         Reflect  .   (no cloak)
rCorr    .         Harm     .   (no gloves)
MR       .....                  (no boots)
Stlth    ++........             (no amulet)
HPRegen  0.06/turn              (no ring)
MPRegen  0.12/turn              (no ring)

@: very slightly contaminated
A: no striking features
a: no special abilities


You were on level 2 of the Dungeon.
You were not hungry.

You visited 1 branch of the dungeon, and saw 2 of its levels.

You collected 23 gold pieces.

Inventory:

Armour
 b - a +0 hat (worn)
 f - a +0 leather armour (worn)
Scrolls
 a - 2 scrolls of noise {unknown}
 e - 2 scrolls of identify {unknown}
 g - a scroll of enchant weapon {unknown}
Potions
 h - a potion of heal wounds {unknown}
Comestibles
 d - 3 rations


   Skills:
 + Level 1.0 Fighting
 - Level 1.0 Armour
 + Level 2.5 Dodging
 - Level 2.4 Stealth
 * Level 5.3 Spellcasting
 + Level 2.0 Conjurations
 - Level 1.1 Summonings
 - Level 1.1 Translocations


You had one spell level left.
You knew the following spells:

 Your Spells              Type           Power        Failure   Level  Hunger
a - Magic Dart            Conj           ###.         7%          1    None
b - Mephitic Cloud        Conj/Pois/Air  #.......     34%         3    ##.....
c - Call Imp              Summ           ##......     16%         2    None
d - Blink                 Tloc           N/A          16%         2    None
e - Conjure Flame         Conj/Fire      ##......     30%         3    ##.....

Your spell library contained the following spells:

 Spells                   Type           Power        Failure   Level  Hunger
 Slow                     Hex            #.......     24%         2    None


Dungeon Overview and Level Annotations

Branches:
Dungeon (2/15)

Altars:


Message History

Your Conjurations skill increases to level 2!
The gnoll shouts!
Things that are here:
a +0 dagger; a goblin corpse; an adder corpse Butcher a goblin corpse? [(y)es/(n)o/(a)ll/(q)uit/?]
Butcher an adder corpse? [(y)es/(n)o/(a)ll/(q)uit/?]
There isn't anything else to butcher here.
You butcher the goblin corpse.
The gnoll hits you from afar with a +0 spear.
Items here: % ) ÷ † a +0 dagger; a chunk of flesh; a goblin skeleton; an adder corpse
c - a chunk of flesh The gnoll hits you from afar with a +0 spear.
A gnoll comes into view.
Eat a chunk of flesh? (ye/n/q)
You eat the chunk of flesh.
This raw flesh tastes terrible.
The gnoll hits you from afar with a +0 spear.
* * * LOW HITPOINT WARNING * * *
The gnoll hits you from afar with a +0 spear.
You die...

##.#.#.#####..##.#
#.....# #..##.#
###.### #..##.#
#.# #..##.# #.#
#..##.. ..# #...#
### #...# #...#
#.@#######
#..)ggg..#
##.#####.# #.# #.#
..# ###


You could see 3 gnolls.

Vanquished Creatures
  2 adders (D:2)
  2 worms (D:2)
  A dart slug (D:1)
  A leopard gecko (D:2)
  A ball python (D:1)
  4 bats (D:1)
  A giant cockroach (D:1)
  2 goblins
  A hobgoblin (D:1)
  4 jackals (D:2)
  2 frilled lizards
  5 kobolds
  6 rats
32 creatures vanquished.

Notes
Turn   | Place    | Note
-------+----------+-------------------------------------------
     0 | D:1      | pokeman the Deep Elf Wizard began the quest for the Orb.
     0 | D:1      | Reached XP level 1. HP: 10/10 MP: 7/7
     6 | D:1      | Noticed a water moccasin
     6 | D:1      | Noticed a seven-headed hydra
     7 | D:1      | Noticed a hog
     7 | D:1      | Noticed a polar bear
   348 | D:1      | Reached XP level 2. HP: 15/15 MP: 7/9
  1130 | D:2      | Reached skill level 5 in Spellcasting
  1241 | D:2      | Reached XP level 3. HP: 16/20 MP: 5/11
  1246 | D:2      | Learned a level 3 spell: Mephitic Cloud
  1249 | D:2      | Learned a level 2 spell: Call Imp
  1252 | D:2      | Learned a level 2 spell: Blink
  1256 | D:2      | Learned a level 3 spell: Conjure Flame
  1500 | D:2      | Reached skill level 1 in Armour
  1819 | D:2      | Reached skill level 1 in Fighting
  1827 | D:2      | Slain by a gnoll

Illustrated notes

Levels and vault maps discovered:
D:1:      onia_arrival_zoo_common, layout_basic
D:2:      minmay_spotlight, layout_loops_ring,
          chequers_temple_overflow_minitemple, marbit_many_paths

Skill      XL: |  1  2  3 |
---------------+----------+-----
Spellcasting   | 5 |  5.3
Armour         | 1 |  1.0
Fighting       | 1 |  1.0
Conjurations   | 2 |  2.0
Dodging        | |  2.5
Stealth        | |  2.4
Summonings     | |  1.1
Translocations | |  1.1

Action                   || total
-------------------------++-------
Melee: Unarmed           ||    27
 Cast: Magic Dart        ||    91
  Eat: Chunk             ||     3
Armor: Leather armour    ||    22
Dodge: Dodged            ||    34
